 Dungeon Crawl Stone Soup version 0.19.5 (webtiles) character file.

130 after1king the Chopper (level 4, -3/52 HPs)
             Began as a Demonspawn Berserker on Apr 18, 2017.
             Was a Believer of Trog.
             Slain by an adder (4 damage)
             ... on level 3 of the Dungeon.
             The game lasted 00:06:40 (3160 turns).

after1king the Chopper (Demonspawn Berserker)       Turns: 3160, Time: 00:06:41

Health: -3/52      AC:  5    Str: 24    XL:     4   Next: 89%
Magic:  13/13      EV: 11    Int:  8    God:    Trog [**....]
Gold:   136        SH:  0    Dex: 12    Spells: 0 memorised, 3 levels left

rFire  . . .     SeeInvis .     a - +0 hand axe
rCold  . . .     Gourm    .     m - +0 ring mail
rNeg   . . .     Faith    .     (no shield)
rPois  .         Spirit   .     (no helmet)
rElec  .         Reflect  .     (no cloak)
rCorr  .         Harm     .     (no gloves)
MR     .....                    (no boots)
Stlth  ..........               (no amulet)
                                (no ring)
                                e - ring of magical power

@: berserking (expiring), drained, very quick
A: hooves 1, powered by pain 1
a: Berserk, Trog's Hand, Burn Spellbooks, Renounce Religion


You were on level 3 of the Dungeon.
You worshipped Trog.
Trog was pleased with you.
You were very hungry.

You visited 1 branch of the dungeon, and saw 3 of its levels.

You collected 136 gold pieces.

Inventory:

Hand Weapons
 a - a +0 hand axe (weapon)
Armour
 b - a +0 animal skin
 m - a +0 ring mail (worn)
Jewellery
 e - a ring of magical power (left hand)
Scrolls
 i - a scroll of random uselessness {unknown}
 q - 2 scrolls of noise {unknown}
 t - a scroll of magic mapping
 u - a scroll of immolation {unknown}
 v - a scroll of amnesia {unknown}
 w - a scroll of enchant weapon {unknown}
 x - a scroll of remove curse
Potions
 d - a potion of mutation {unknown}
 h - 2 potions of brilliance {unknown}
 j - a potion of beneficial mutation {unknown}
 k - a potion of berserk rage {unknown}
 l - 3 potions of curing {unknown}
 n - a potion of lignification {unknown}
 o - a potion of flight {unknown}
 p - a potion of haste {unknown}
 r - a potion of degeneration {unknown}
Comestibles
 c - 2 bread rations
 f - a beef jerky
 g - 2 meat rations
 s - a royal jelly


   Skills:
 + Level 3.5(2.7) Fighting
 * Level 4.4(3.7) Axes
 + Level 2.3(1.6) Armour
 - Level 1.8(1.1) Dodging
 - Level 0.2(0.0) Stealth


You had 3 spell levels left.
You didn't know any spells.

Dungeon Overview and Level Annotations

Branches:
Dungeon (3/15)

Altars:
Fedhas


Innate Abilities, Weirdness & Mutations

You have large cloven feet.
You sometimes gain a little power by taking damage.


Message History

You slash the orc!
You kill the orc!
Trog accepts your kill.
You barely miss the gnoll. You closely miss the adder. The adder bites you.
* * * LOW HITPOINT WARNING * * *
The gnoll hits you with a spear.
* * * LOW HITPOINT WARNING * * *
You barely miss the gnoll.
The gnoll is severely wounded.
You barely miss the adder. The adder closely misses you.
You barely miss the gnoll.
The gnoll is severely wounded.
Your ring mail prevents you from hitting the adder.
The adder bites you.
* * * LOW HITPOINT WARNING * * *
The gnoll misses you.
You closely miss the gnoll. Your kick misses the gnoll.
The gnoll is severely wounded.
You hit the adder. The adder bites you.
You die...

#.# #.##.# #. #.#
##.##.# #. #.#
#..##.# #' #.# #.##
# . #.###.###.# .#
#.........#
....#######....##
......S....#......'.
##.####@#)###..####.
#)g## #.# #.## #.#
#.. ## ..# #+ .#.#
#. ..#.. #. #.. ##.
##..


You could see a gnoll and an adder.

Vanquished Creatures
  Robin (D:3)
  A gnoll (D:3)
  3 adders
  An ooze (D:2)
  2 worms
  A dart slug (D:2)
  4 leopard geckos
  An orc (D:3)
  A ball python (D:1)
  10 bats
  5 goblins
  8 hobgoblins
  8 jackals
  5 kobolds
  3 quokkas
  A frilled lizard (D:2)
  8 rats
63 creatures vanquished.

Notes
Turn   | Place    | Note
-------+----------+-------------------------------------------
     0 | D:1      | after1king the Demonspawn Berserker began the quest for the Orb.
     0 | D:1      | Reached XP level 1. HP: 18/18 MP: 1/1
   218 | D:1      | Reached skill level 3 in Axes
   230 | D:1      | Gained mutation: You sometimes gain a little power by taking damage. [demonic ancestry]
   230 | D:1      | Reached XP level 2. HP: 19/24 MP: 2/2
   742 | D:1      | Reached ** piety under Trog
  1022 | D:2      | Gained mutation: You have large cloven feet. [demonic ancestry]
  1022 | D:2      | Reached XP level 3. HP: 27/29 MP: 3/3
  1794 | D:3      | Reached skill level 4 in Axes
  1803 | D:3      | Reached XP level 4. HP: 24/35 MP: 4/4
  2326 | D:3      | Found a blossoming altar of Fedhas.
  2565 | D:3      | Noticed Robin
  2579 | D:3      | Killed Robin
  3159 | D:3      | HP: 1/52 [adder (2)]
  3160 | D:3      | Slain by an adder

Skill      XL: |  1  2  3  4 |
---------------+-------------+-----
Axes           | 3 4 |  4.4
Armour         | 2 |  2.3
Fighting       | |  3.5
Dodging        | |  1.8
Stealth        | |  0.2

Action                   |  1- 3 |  4- 6 || total
-------------------------+-------+-------++-------
Melee: Hand axe          |   154 |    91 ||   245
       Kick              |     9 |    17 ||    26
Invok: Berserk           |       |     1 ||     1
  Use: Scroll            |     2 |       ||     2
  Eat: Chunk             |     3 |     4 ||     7
Armor: Animal skin       |    17 |       ||    17
       Ring mail         |    38 |    35 ||    73
Dodge: Dodged            |   114 |    50 ||   164
